 Dungeon Crawl Stone Soup version 0.31-a0-845-g9abc20d24f (webtiles) character file.

Game seed: 8446308676725059171

139106 BinkBink the Imperceptible (level 16, -19/81 HPs)
             Began as a Spriggan Hunter on Oct 1, 2023.
             Was the Champion of Dithmenos.
             Demolished by a rockslime (32 damage)
             ... on level 5 of the Pits of Slime.
             The game lasted 01:17:01 (29502 turns).

BinkBink the Imperceptible (Spriggan Hunter)       Turns: 29502, Time: 01:17:02

Health: -19/81     AC:  9    Str:  5 (7)  XL:     16   Next: 72%
Magic:  17/17      EV: 41    Int: 14      God:    Dithmenos [******]
Gold:   2345       SH:  0    Dex: 26      Spells: 15/15 levels left

rFire   . . .        D - +6 orcbow "Maryptan" {elec, rC- Int+3}
rCold   x . .        (shield currently unavailable)
rNeg    + . .        p - +2 robe {rN+}
rPois   .            R - +2 hat
rElec   .            (no cloak)
rCorr   .            (gloves unavailable)
SInv    +            (boots unavailable)
Will    ++...        P - amulet of regeneration Stlth *******+++
                     l - +4 ring of protection
HPRegen 1.13/turn    (no ring)
MPRegen 0.15/turn

%: no passive effects
@: wreathed by umbra, studying 2 skills, very quick
A: very small, no large weapons, unfitting armour, see invisible, speed 3,
deformed body, frail 1, sturdy frame 1
a: Renounce Religion, Shadow Step, Shadow Form


You were on level 5 of the Pits of Slime.
You worshipped Dithmenos.
Dithmenos was exalted by your worship.
You visited 7 branches of the dungeon, and saw 29 of its levels.
You also visited: Ice Cave.

You collected 2615 gold pieces.
You spent 270 gold pieces at shops.

Inventory:

Hand Weapons
 k - the +5 flail "Zuuham" {venom, Fragile +Blink Int+3 Dex+6}
   (You found it on level 11 of the Dungeon)

   Int+3:     It affects your intelligence (+3).
   Dex+6:     It affects your dexterity (+6).
   +Blink:    It lets you blink.
   Fragile:   It will be destroyed if unequipped.
 y - a +3 shortbow of flaming
 D - the +6 orcbow "Maryptan" (weapon) {elec, rC- Int+3}
   (You found it on level 10 of the Dungeon)

   Int+3:     It affects your intelligence (+3).
   rC-:       It makes you vulnerable to cold.
Armour
 p - a +2 robe of positive energy (worn)
 R - a +2 hat (worn)
Jewellery
 a - a +4 ring of protection
 l - a +4 ring of protection (left hand)
 z - a ring of protection from fire
 B - a ring of flight
 K - a +6 ring of intelligence
 M - a ring of willpower
 P - an amulet of regeneration (around neck)
 S - an amulet of reflection
 W - a +6 ring of strength
Wands
 e - a wand of flame (82)
 q - a wand of light (4)
 v - a wand of digging (30)
 E - a wand of polymorph (10)
 J - a wand of paralysis (8)
 Q - a wand of iceblast (5)
 Y - a wand of mindburst (22)
Scrolls
 b - 2 scrolls of butterflies
 g - 3 scrolls of fear
 h - 3 scrolls of enchant armour
 i - 5 scrolls of teleportation
 j - 7 scrolls of vulnerability
 r - 4 scrolls of fog
 t - 3 scrolls of noise
 x - 4 scrolls of blinking
 C - 4 scrolls of enchant weapon
 F - a scroll of silence
 N - 3 scrolls of amnesia
 T - a scroll of brand weapon
 Z - a scroll of immolation
Potions
 c - a potion of cancellation
 f - 4 potions of might
 m - 4 potions of attraction
 n - 11 potions of curing
 s - 3 potions of heal wounds
 u - 3 potions of lignification
 w - 4 potions of invisibility
 L - 2 potions of haste
 O - a potion of brilliance
 V - a potion of enlightenment


   Skills:
 + Level 13.3 Fighting
 + Level 16.0 Ranged Weapons
 + Level 19.9 Dodging
 + Level 23.0 Stealth


You had 15 spell levels left.
You didn't know any spells.
Your spell library contained the following spells:

 Spells                   Type           Power      Damage    Failure   Level
 Apportation              Tloc           0%         N/A       28%         1
 Freeze                   Ice            0%         1d3       28%         1
 Magic Dart               Conj           0%         1d3       28%         1
 Necrotise                Necr           0%         1d4       28%         1
 Shock                    Conj/Air       0%         1d3       28%         1
 Slow                     Hex            0%         N/A       28%         1
 Summon Small Mammal      Summ           0%         N/A       28%         1
 Call Imp                 Summ           0%         N/A       41%         2
 Poisonous Vapours        Pois/Air       0%         N/A       41%         2
 Static Discharge         Conj/Air       0%         2-2/arc   41%         2
 Call Canine Familiar     Summ           0%         N/A       65%         3
 Confusing Touch          Hex            0%         N/A       65%         3
 Frozen Ramparts          Ice            0%         1d1       65%         3
 Hailstorm                Conj/Ice       0%         3d3       65%         3
 Inner Flame              Hex/Fire       0%         N/A       65%         3
 Mephitic Cloud           Conj/Pois/Air  0%         N/A       65%         3
 Sigil of Binding         Hex            0%         N/A       65%         3
 Summon Guardian Golem    Hex/Summ       0%         N/A       65%         3
 Swiftness                Air            0%         N/A       65%         3
 Vampiric Draining        Necr           0%         2d6       65%         3
 Airstrike                Air            0%         2d(0-16)  96%         4
 Olgreb's Toxic Radiance  Pois           0%         N/A       96%         4
 Summon Lightning Spire   Summ/Air       0%         N/A       96%         4
 Vhi's Electric Charge    Tloc/Air       0%         N/A       96%         4
 Agony                    Necr           0%         N/A       100%        5
 Arcjolt                  Conj/Air       0%         1d10      100%        5
 Freezing Cloud           Conj/Ice/Air   0%         6-21      100%        5
 Yara's Violent Unravell  Hex/Tmut       0%         3d3       100%        5
 Enfeeble                 Hex            0%         N/A       100%        7
 Discord                  Hex            0%         N/A       100%        8
 Ignition                 Fire           0%         3d3       100%        8
 Maxwell's Capacitive Co  Air            0%         ∞         100%        8


Dungeon Overview and Level Annotations

Branches:
Dungeon (14/15)            Temple (1/1) D:4            Lair (5/5) D:8
  Swamp (2/4) Lair:3       Spider (1/4) Lair:3        Slime (5/5) Lair:5
    Orc (2/2) D:12            Elf (0/3) Orc:2        Vaults (0/5) D:13
  IceCv (visited)

Altars:
Ashenzari
Cheibriados
Dithmenos
Elyvilon
Fedhas
Gozag
Hepliaklqana
Kikubaaqudgha
Makhleb
Nemelex Xobeh
Okawaru
Qazlal
Ru
Sif Muna
Trog
Uskayaw
Vehumet
Wu Jian
Xom
Yredelemnul
Zin
The Shining One

Shops:
D:2 *   D:5 (   D:6 !*   Orc:2 *(=[:

Annotations:
D:3 Ijyb
D:11 Opifex's ghost, journeyman OpMo
Swamp:1 1 runed translucent door, kal9871's ghost, journeyman DsGl


Innate Abilities, Weirdness & Mutations

You are very small and have problems with some larger weapons.
You are too small for most types of armour.
You have supernaturally acute eyesight. (SInv)
You cover ground extremely quickly. (Speed+++)
Armour fits poorly on your strangely shaped body.
You are frail. (-10% HP)
Your movements are slightly less encumbered by armour. (ER -2)


Message History

The arrow completely misses the rockslime.
Two slime creatures merge to form a large slime creature.
You shoot an arrow.
The arrow hits the rockslime but does no damage.
Your shadow shoots an arrow.
The arrow hits the rockslime but does no damage.
You shoot an arrow. The arrow hits the rockslime!
The rockslime is lightly wounded.
You shoot an arrow. The arrow hits the rockslime.
The rockslime is lightly wounded.
Your shadow shoots an arrow.
The arrow hits the rockslime but does no damage.
The rockslime completely misses you.
You shoot an arrow.
The arrow hits the rockslime but does no damage.
The rockslime is lightly wounded.
Your shadow shoots an arrow.
The arrow hits the rockslime but does no damage.
The rockslime barely misses you.
You shoot an arrow. The arrow barely misses the rockslime.
Your shadow shoots an arrow.
The arrow hits the rockslime but does no damage.
You shoot an arrow.
The arrow hits the rockslime but does no damage.
The rockslime is lightly wounded.
The rockslime hits you!!
You emit a cloud of dark smoke.
You stumble backwards!
You shoot an arrow.
The arrow hits the rockslime but does no damage.
The rockslime is lightly wounded.
Your shadow shoots an arrow.
The arrow hits the rockslime.
The rockslime misses you.
You shoot an arrow. The arrow hits the rockslime.
The rockslime is moderately wounded.
The rockslime hits you!!!
* * * LOW HITPOINT WARNING * * *
You emit a cloud of dark smoke.
You stumble backwards!
You are too injured to fight recklessly!
The rockslime attacks as it pursues you!
The rockslime hits you!!
You die...

##.### ####..........
#....###.#...........
#.....##.............
##...§§§J.<..........
##.§§§§§............
##..§§§§............
##...§§§.............
#...J§§§§............
#...@...............#
#..................#
#..................
..................
##................
#..............
##............
##...........


You could see a rockslime.

Vanquished Creatures
  A tentacled monstrosity (Swamp:1)
  Mlioglotl (Lair:3)
  A lich (D:11)
  6 acid blobs
  Gastronok (Lair:3)
  2 azure jellies (Slime:2)
  A fenstrider witch (Swamp:1)
  A rockslime (Slime:2)
  An emperor scorpion (Spider:1)
  A ghost moth (Spider:1)
  2 orc warlords
  A quicksilver ooze (Slime:2)
  3 eleionomae
  4 bunyips
  An ettin (D:11)
  A fire dragon (D:13)
  A shambling mangrove (Swamp:2)
  A great orb of eyes (Slime:5)
  4 hydras
  7 alligators
  2 catoblepae
  A radroach (Spider:1)
  2 boulder beetles
  A merfolk avatar (Lair:5)
  4 two-headed ogres
  2 centaur warriors (D:13)
  3 death yaks (Lair:5)
  A demonic crawler (Spider:1)
  Urug (Lair:3)
  3 orc high priests
  Sonja (D:13)
  2 skeletal warriors
  4 goliath frogs (Swamp:2)
  A sun moth (Spider:1)
  2 skysharks
  4 sea snakes (Lair:5)
  7 bog bodies
  A steelbarb worm (Spider:1)
  An orb spider (Spider:1)
  A harpy (Lair:5)
  6 orc knights
  A necromancer (D:11)
  7 oklob plants
  2 deep elf pyromancers (D:12)
  A wolf spider (Spider:1)
  5 will-o-the-wisps
  3 ugly things
  4 orc sorcerers
  4 shining eyes
  5 cyclopes
  A moth of wrath (Spider:1)
  3 manticores
  A faun (shapeshifter) (D:11)
  5 black mambas
  4 elephants (Lair:2)
  12 cane toads
  4 centaur zombies (D:13)
  3 ice statues (IceCv)
  2 torpor snails
  Jeremiah (D:8)
  9 komodo dragons
  4 kobold demonologists
  A freezing wraith (D:10)
  3 rime drakes (Lair:2)
  An efreet (D:10)
  2 unseen horrors
  2 tyrant leeches (Swamp:2)
  A bloated husk (Swamp:1)
  The ghost of vaaraton the Conjurer, a novice DECj (D:6)
  3 polar bears
  2 trolls
  10 hornets
  14 blink frogs
  A wind drake (Lair:5)
  A tarantella (Spider:1)
  4 dream sheep (Lair:2)
  7 spriggans
  2 centaur simulacra (D:11)
  6 culicivoras (Spider:1)
  54 slime creatures
  8 jumping spiders
  5 wraiths
  2 vampires (D:11)
  41 yaks
  3 shadows
  4 golden eyes (Slime:5)
  4 wyverns
  6 basilisks
  A death yak simulacrum (IceCv)
  2 harpy simulacra (IceCv)
  19 redbacks
  2 steam dragons
  A warg (shapeshifter) (D:13)
  2 vampire mosquitoes (Swamp:1)
  Menkaure (D:6)
  10 swamp worms
  4 wargs
  22 water moccasins
  3 acid dragons
  A swamp drake (Swamp:2)
  37 orc warriors
  3 ice beasts (D:6)
  2 sky beasts (D:7)
  7 black bears
  6 ogres
  4 boggarts (Lair:5)
  12 wolves
  15 centaurs
  2 kobold brigands
  3 bullfrogs
  5 scorpions
  6 gnoll sergeants
  14 wights
  3 elephant simulacra (IceCv)
  7 killer bees
  2 electric eels
  7 howler monkeys
  A wyvern simulacrum (D:6)
  20 orc priests
  7 hounds
  2 gnoll boudas
  Jessica (D:2)
  22 orc wizards
  An iguana (D:6)
  A polar bear simulacrum (IceCv)
  A wolf simulacrum (IceCv)
  A bullfrog simulacrum (D:6)
  34 gnolls
  7 adders
  A shadow imp (D:7)
  3 white imps
  4 worms
  A dart slug (D:3)
  70 orcs
  10 endoplasms
  6 giant cockroaches
  9 goblins
  5 hobgoblins
  15 kobolds
  3 quokkas
  6 ball pythons
  7 bats
  9 frilled lizards
  6 rats
816 creatures vanquished.

Vanquished Creatures (others)
  A jumping spider (Spider:1)
  10 foxfires
11 creatures vanquished.

Grand Total: 827 creatures vanquished

Notes
Turn   | Place    | Note
-------+----------+-------------------------------------------
     0 | D:1      | BinkBink the Spriggan Hunter began the quest for the Orb.
     0 | D:1      | Reached XP level 1. HP: 10/10 MP: 2/2
    56 | D:1      | Reached skill level 2 in Stealth
   137 | D:1      | Reached XP level 2. HP: 15/15 MP: 3/3
   453 | D:1      | Reached XP level 3. HP: 18/18 MP: 4/4
   694 | D:2      | Reached skill level 3 in Stealth
   704 | D:2      | Noticed Jessica
   712 | D:2      | Reached XP level 4. HP: 23/23 MP: 5/5
   788 | D:2      | Found Ykkikan's General Store.
   798 | D:2      | Bought a scroll of identify for 22 gold pieces
  1345 | D:2      | Killed Jessica
  1501 | D:3      | Reached skill level 4 in Stealth
  1674 | D:3      | Reached XP level 5. HP: 27/27 MP: 6/6
  2059 | D:3      | Noticed Ijyb
  2202 | D:3      | Found an ornate altar of the Wu Jian Council.
  2559 | D:4      | Found a staircase to the Ecumenical Temple.
  2570 | Temple   | Entered the Ecumenical Temple
  2577 | Temple   | Became a worshipper of Dithmenos the Shadowed
  2685 | D:4      | Reached skill level 5 in Ranged Weapons
  2694 | D:4      | Reached XP level 6. HP: 32/32 MP: 7/7
  2699 | D:4      | Reached skill level 5 in Stealth
  2864 | D:4      | Found a shimmering blue altar of Sif Muna.
  2993 | D:4      | Reached skill level 5 in Dodging
  3334 | D:4      | Reached XP level 7. HP: 31/36 MP: 8/8
  3386 | D:5      | Entered Level 5 of the Dungeon
  3407 | D:5      | Reached skill level 6 in Stealth
  3633 | D:5      | Reached skill level 7 in Stealth
  3824 | D:5      | Reached XP level 8. HP: 29/42 MP: 9/9
  3886 | D:5      | Reached * piety under Dithmenos
  3901 | D:5      | Found Perept's Weapon Emporium.
  4202 | D:5      | Reached skill level 8 in Stealth
  4559 | D:6      | Noticed Menkaure
  4615 | D:6      | Found Majyeh's Gadget Gallery.
  4987 | D:6      | Found a runed translucent gate.
  4987 | D:6      | Found a runed translucent gate.
  4987 | D:6      | Found a runed translucent gate.
  5072 | D:6      | Found Kuyplur's Distillery.
  5253 | D:6      | Killed Menkaure
  5254 | D:6      | Reached skill level 5 in Fighting
  5254 | D:6      | Reached skill level 9 in Stealth
  5518 | D:6      | Noticed vaaraton's ghost (novice DECj)
  5617 | D:7      | Reached XP level 9. HP: 47/47 MP: 10/10
  5839 | D:7      | Reached ** piety under Dithmenos
  6304 | D:7      | Reached skill level 10 in Stealth
  7020 | D:5      | Bought a +3 shortbow of flaming for 224 gold pieces
  7213 | D:8      | Noticed Jeremiah
  7259 | D:8      | Killed Jeremiah
  7423 | D:8      | Reached skill level 11 in Stealth
  7520 | D:8      | Noticed a two-headed ogre
  7581 | D:8      | Killed a two-headed ogre
  7582 | D:8      | Reached XP level 10. HP: 53/53 MP: 11/11
  7642 | D:8      | Reached skill level 10 in Dodging
  7934 | D:8      | Found a staircase to the Lair.
  8234 | D:8      | Reached *** piety under Dithmenos
  8260 | D:9      | Reached skill level 12 in Stealth
  8952 | D:9      | Found a hide-covered altar of Uskayaw.
  8953 | D:9      | Found a bloodstained altar of Trog.
  8954 | D:9      | Found an ancient bone altar of Kikubaaqudgha.
  8955 | D:9      | Found a snail-covered altar of Cheibriados.
  9056 | D:10     | Entered Level 10 of the Dungeon
  9168 | D:10     | Reached skill level 13 in Stealth
  9183 | D:10     | Reached **** piety under Dithmenos
  9268 | D:10     | Noticed a two-headed ogre
  9312 | D:10     | Killed a two-headed ogre
  9313 | D:10     | Reached XP level 11. HP: 52/58 MP: 12/12
  9618 | D:10     | Found a faded altar of an unknown god.
  9618 | D:10     | Found a hazy altar of Hepliaklqana.
  9618 | D:10     | Found a faded altar of an unknown god.
  9869 | D:10     | Identified the +6 orcbow "Maryptan" {elec, rC- Int+3}
 10610 | D:11     | Found a runed translucent door.
 10611 | D:11     | Noticed an ettin
 10616 | D:11     | Noticed a necromancer
 10616 | D:11     | Noticed a lich
 10616 | D:11     | Noticed a skeletal warrior
 10617 | D:11     | Noticed Opifex's ghost (journeyman OpMo)
 10620 | D:11     | Found a runed translucent door.
 10636 | D:11     | Reached skill level 10 in Ranged Weapons
 10759 | D:11     | Noticed a boulder beetle
 10778 | D:11     | Killed a boulder beetle
 10779 | D:11     | Reached skill level 14 in Stealth
 10879 | D:11     | Identified the staff "Wosahiutz" {rF+ Str+7 Int-5 Fire}
 10992 | D:11     | Noticed a sun demon
 11165 | D:11     | Noticed a two-headed ogre
 11169 | D:11     | Killed a two-headed ogre
 11394 | D:11     | Noticed an orb spider
 11395 | D:11     | an orb spider changed into a two-headed ogre
 11395 | D:11     | Noticed a two-headed ogre (glowing shapeshifter)
 11405 | D:11     | a two-headed ogre changed into a slime creature
 11410 | D:11     | a swamp worm changed into a skyshark
 11410 | D:11     | Noticed a skyshark (glowing shapeshifter)
 11803 | D:12     | Noticed a deep elf pyromancer
 11806 | D:12     | Killed a deep elf pyromancer
 12106 | D:12     | Noticed a deep elf pyromancer
 12109 | D:12     | Killed a deep elf pyromancer
 12198 | D:12     | Reached skill level 15 in Stealth
 12213 | D:12     | Reached ***** piety under Dithmenos
 12243 | D:12     | Reached XP level 12. HP: 65/65 MP: 13/13
 12436 | D:12     | Found a staircase to the Orcish Mines.
 12808 | D:13     | Noticed Sonja
 12811 | D:13     | Killed Sonja
 12892 | D:13     | Noticed a centaur warrior
 13029 | Lair:1   | Entered Level 1 of the Lair of Beasts
 13379 | Lair:1   | Reached skill level 16 in Stealth
 13667 | Lair:2   | Found a frozen archway.
 13676 | IceCv    | Entered an ice cave
 15158 | Lair:2   | Reached XP level 13. HP: 70/70 MP: 14/14
 15189 | Lair:2   | Reached skill level 17 in Stealth
 15806 | Lair:3   | Reached ****** piety under Dithmenos
 15807 | Lair:3   | Reached skill level 15 in Dodging
 15874 | Lair:3   | Reached skill level 10 in Fighting
 15902 | Lair:3   | Found a hole to the Spider Nest.
 16013 | Lair:3   | Noticed Urug
 16019 | Lair:3   | Killed Urug
 16198 | Lair:3   | Noticed Gastronok
 16385 | Lair:3   | Reached skill level 18 in Stealth
 16511 | Lair:3   | Killed Gastronok
 16763 | Lair:3   | You are sucked into a shaft and drop 2 floors!
 16763 | Lair:5   | Entered Level 5 of the Lair of Beasts
 16976 | Lair:5   | Found a staircase to the Slime Pits.
 17381 | Lair:3   | Found a staircase to the Swamp.
 18152 | Lair:4   | Reached XP level 14. HP: 77/77 MP: 15/15
 18845 | Lair:5   | Reached skill level 19 in Stealth
 19753 | Orc:1    | Entered Level 1 of the Orcish Mines
 19788 | Orc:1    | You are sucked into a shaft and drop 1 floor!
 19788 | Orc:2    | Entered Level 2 of the Orcish Mines
 19788 | Orc:2    | Found Hiuqiov's Antique Weapon Emporium.
 19788 | Orc:2    | Found a staircase to the Elven Halls.
 19889 | Orc:2    | Found Faguawoc's General Store.
 19897 | Orc:2    | Bought a scroll of identify for 24 gold pieces
 19924 | Orc:2    | Found a radiant altar of Vehumet.
 20047 | Orc:2    | Noticed an orc warlord
 20157 | Orc:2    | Killed an orc warlord
 20487 | Orc:2    | Found Tom Vab's Antique Armour Emporium.
 20507 | Orc:2    | Reached skill level 20 in Stealth
 20576 | Orc:2    | Found Nodd's Book Shop.
 20598 | Orc:2    | Found Saraos's Jewellery Boutique.
 20701 | Orc:1    | Noticed an orc warlord
 21487 | Orc:1    | Killed an orc warlord
 21984 | D:13     | Reached XP level 15. HP: 82/84 MP: 16/16
 22476 | D:13     | Found a gate to the Vaults.
 22786 | Swamp:1  | Entered Level 1 of the Swamp
 22963 | Swamp:1  | Noticed a tentacled monstrosity
 23098 | Swamp:1  | Reached skill level 21 in Stealth
 23136 | Swamp:1  | Found a runed translucent door.
 23139 | Swamp:1  | Identified the +5 trident of the Telling Gods {heavy, Dex+5
                  | Stlth+}
 23139 | Swamp:1  | Noticed kal9871's ghost (journeyman DsGl)
 23139 | Swamp:1  | Noticed a tentacled monstrosity
 23308 | Swamp:1  | Noticed a fenstrider witch
 23356 | Swamp:1  | Paralysed by a fenstrider witch for 5 turns
 23394 | Swamp:1  | Killed a fenstrider witch
 23926 | Swamp:1  | Killed a tentacled monstrosity
 24588 | D:6      | Killed vaaraton's ghost
 24793 | D:11     | Noticed a titan
 25060 | D:11     | Killed a lich
 25061 | D:11     | Reached skill level 15 in Ranged Weapons
 25221 | D:11     | Identified the +5 flail "Zuuham" {venom, Fragile +Blink
                  | Int+3 Dex+6}
 25558 | Slime:1  | Entered Level 1 of the Pits of Slime
 25588 | Slime:1  | Noticed an acid blob
 25741 | Spider:1 | Entered Level 1 of the Spider Nest
 25769 | Spider:1 | Noticed Mlioglotl
 25845 | Lair:3   | Noticed a bone dragon
 25851 | Lair:3   | Killed Mlioglotl
 26414 | Spider:1 | Noticed an emperor scorpion
 26540 | Spider:1 | Killed an emperor scorpion
 26541 | Spider:1 | Reached XP level 16. HP: 90/90 MP: 17/17
 27000 | Swamp:2  | Reached skill level 22 in Stealth
 27353 | Swamp:2  | Identified the +10 flail of the Orcish Mines {flame, *Slow
                  | Dex+5}
 27439 | Swamp:2  | Identified the +2 ring mail of the Iron City of Dis {MP+9}
 27690 | Swamp:2  | Gained mutation: Armour fits poorly on your strangely
                  | shaped body. [potion of mutation]
 27690 | Swamp:2  | Gained mutation: You are frail. (-10% HP) [potion of
                  | mutation]
 27690 | Swamp:2  | Gained mutation: Your movements are slightly less
                  | encumbered by armour. (ER -2) [potion of mutation]
 28091 | Slime:1  | Killed an acid blob
 28286 | Slime:2  | Noticed an acid blob
 28288 | Slime:2  | Gained mutation: You are weak. (Str -2) [a shining eye]
 28302 | Slime:1  | Lost mutation: You are weak. (Str -2) [a shining eye]
 28389 | Slime:2  | Killed an acid blob
 28415 | Slime:2  | Noticed an acid blob
 28425 | Slime:2  | Killed an acid blob
 28530 | Slime:2  | Noticed an acid blob
 28539 | Slime:2  | Killed an acid blob
 28624 | Slime:2  | Noticed an acid blob
 28660 | Slime:2  | Killed an acid blob
 29039 | Slime:2  | Noticed an acid blob
 29045 | Slime:2  | Killed an acid blob
 29129 | Slime:2  | You fall into a shaft and drop 2 floors!
 29136 | Slime:4  | Noticed an acid blob
 29143 | Slime:4  | Reached skill level 23 in Stealth
 29192 | Slime:5  | Entered Level 5 of the Pits of Slime
 29268 | Slime:5  | Paralysed by a great orb of eyes for 5 turns
 29502 | Slime:5  | Demolished by a rockslime

Illustrated notes

Levels and vault maps discovered:
D:1:      eino_arrival_cavern_b, layout_basic, minmay_lizard_pond
D:2:      layout_basic, serial_shops, shop, uniq_jessica
D:3:      layout_basic, pdpol_wu_jian_five_deadly_venoms, st_stairs_12,
          uniq_ijyb
D:4:      layout_loops_cross, lemuel_tele_altar, minmay_temple_entry_trees,
          cheibrodos_gnoll_hut
D:5:      layout_basic, serial_shops, nicolae_shop_bloodbath_and_beyond
D:6:      layout_cave_pools, gammafunk_ghost_icy, serial_shops,
          nicolae_shop_real_fake_doors, grunt_ministairs_2,
          chequers_serial_rivers_small_3, minmay_misc_feat_tiny,
          nicolae_shop_gadgets, uniq_menkaure
D:7:      layout_layer_cave
D:8:      layout_loops_ring, david_lair_generic, uniq_jeremiah
D:9:      layout_loops_ring, mainiacjoe_overflow_alcove_3, item_on_display_a
D:10:     layout_basic, nicolae_hepliaklqana_ecumenical_no_more, minmay_radiant
D:11:     layout_loops_ring, muffindrake_ghost_dual_entry
D:12:     layout_grid_maze, david_orc_4, serial_rivers,
          chequers_serial_rivers_marsh, chequers_serial_rivers_marsh,
          chequers_serial_rivers_room_b, chequers_serial_rivers_micro_c,
          chequers_serial_rivers_micro_c, chequers_serial_rivers_micro_a
D:13:     layout_basic, hellmonk_vaults_attempted_burglary, serial_undead,
          serial_undead_a, serial_undead_b, serial_undead_c, serial_undead_b,
          uniq_sonja
D:14:     layout_irregular_city, gauntlet_entry_generic
Temple:   hellmonk_temple_of_storms
Lair:1:   layout_regular_city, minmay_lair_oklob_bushes,
          small_statue_intersection
Lair:2:   layout_long_grid, portal_ice_cave_rime, beast_lair_carwin_5
Lair:3:   layout_loops_ring, nicolae_swamp_entry_splash_gauntlet,
          spider_nest_entry_a, uniq_urug, uniq_gastronok
Lair:4:   layout_regular_city, minivault_11
Lair:5:   gammafunk_lair_ancient_temple, layout_cave_shapes,
          minmay_slime_entry_oklob_open, kilobyte_rumbling_trees
Swamp:1:  cheibrodos_swamp_monstrosity, layout_basic_swamp,
          ebering_ghost_funeral_grove, evilmike_swamp_ruin_house_1,
          nicolae_swamp_spooky_pond
Swamp:2:  layout_falls_marsh, evilmike_swamp_ruin_rubble_2, swamp_pool4,
          infiniplex_staircase_pool
Spider:1: layout_spider_delve, hangedman_spider_tarantella_strand, uniq_louise,
          uniq_mlioglotl
Slime:1:  layout_caves
Slime:2:  layout_caves, cheibrodos_slime_lost_civilization_7
Slime:4:  layout_caves
Slime:5:  slime_pit
Orc:1:    layout_caves, nicolae_orc_flooded_monolith, mines2_david
Orc:2:    grunt_orc_gardens, layout_caves, grunt_orc_garden, grunt_orc_garden,
          grunt_orc_garden, grunt_orc_garden, basic_altar, serial_shops,
          nicolae_shop_hallway_plus

Skill      XL: |  1  2  3  4  5  6  7  8  9 10 11 12 13 14 15 16 |
---------------+-------------------------------------------------+-----
Stealth        | 2 3 4 5 7 9 11 13 15 16 18 20 21 23 | 23.0
Dodging        | 3 4 5 6 8 9 11 13 14 16 17 18 19 | 19.9
Fighting       | 2 3 4 5 6 7 8 9 10 11 12 13 | 13.3
Ranged Weapons | 5 6 7 8 9 10 11 13 14 15 16 | 16.0

Action                     |  1- 3 |  4- 6 |  7- 9 | 10-12 | 13-15 | 16-18 || total
---------------------------+-------+-------+-------+-------+-------+-------++-------
   Fire: Shortbow          |    91 |   248 |   606 |   293 |       |       ||  1238
         Orcbow            |       |       |       |   528 |  1598 |   433 ||  2559
    Use: Scroll            |       |     3 |     7 |     4 |     7 |     2 ||    23
         Potion            |       |       |       |       |       |    12 ||    12
 Armour: Robe              |     3 |    42 |    72 |    49 |   104 |    58 ||   328
  Dodge: Dodged            |     9 |    80 |   238 |   240 |   351 |   173 ||  1091

Table legend: (Time is in decaauts)
 A = Elapsed time spent in this place.
 B = Non-inter-level travel time spent in this place.
 C = Inter-level travel time spent in this place.
 D = Time resting spent in this place.
 E = Time spent auto-exploring this place.
 F = Levels seen in this place.
 G = Mean time per level.
                   A        B        C        D        E       F      G
               +--------+--------+--------+--------+--------+-----+--------+
         Total |  21174 |  19053 |   2121 |   2537 |  10718 |  30 |  705.8 |
       Dungeon |  10949 |   9663 |   1286 |    591 |   6205 |  14 |  782.1 |
        Temple |     12 |      2 |     10 |      0 |      0 |   1 |   12.0 |
          Lair |   4465 |   3853 |    612 |    435 |   2260 |   5 |  893.0 |
         Swamp |   1609 |   1498 |    111 |    222 |    857 |   2 |  804.5 |
   Spider Nest |    670 |    670 |      0 |    130 |    283 |   1 |  670.0 |
    Slime Pits |   1125 |   1115 |     10 |    383 |    363 |   4 |  281.2 |
  Orcish Mines |   1284 |   1196 |     88 |    140 |    552 |   2 |  642.0 |
      Ice Cave |   1057 |   1057 |      0 |    633 |    196 |   1 | 1057.0 |
               +--------+--------+--------+--------+--------+-----+--------+

Top non-repeatable levels by time:
    D:11: 1285 daAuts
     D:5: 1225 daAuts
  Lair:5: 1143 daAuts
  Lair:3: 1098 daAuts
     D:7: 1090 daAuts
   IceCv: 1057 daAuts
 Swamp:1: 1016 daAuts
     D:8: 953 daAuts
    D:12: 887 daAuts
  Lair:4: 883 daAuts
  Lair:2: 852 daAuts
    D:10: 786 daAuts
     D:4: 757 daAuts
    D:13: 708 daAuts
     D:6: 705 daAuts
